 Dungeon Crawl Stone Soup version 0.22-a0-409-gb855193d78 (webtiles) character file.

107 Dreamer the Changer (level 4, -1/33 HPs)
             Began as an Octopode Transmuter on May 11, 2018.
             Slain by an orc (4 damage)
             ... on level 2 of the Dungeon.
             The game lasted 00:05:52 (2277 turns).

Dreamer the Changer (Octopode Transmuter)           Turns: 2277, Time: 00:05:52

Health: -1/33      AC:  4    Str:  9    XL:     4   Next: 85%
Magic:  3/7        EV: 10    Int: 16    God:
Gold:   130        SH:  0    Dex: 12    Spells: 0/8 levels left

rFire    x . .     SeeInvis .     - Unarmed
rCold    + + +     Gourm    .   (shield currently unavailable)
rNeg     . . .     Faith    .   (helmet currently unavailable)
rPois    +         Spirit   .   (no amulet)
rElec    .         Reflect  .   n - -3 ring of protection (curse)
rCorr    .         Harm     .   d - ring of stealth
MR       .....                  h - ring of wizardry
Stlth    ++........             o - +2 ring of protection
HPRegen  0.11/turn              (no ring)
MPRegen  0.10/turn              (no ring)
                                (no ring)
                                (no ring)

@: ice-form
A: large, almost no armour, stealthy swim, amphibious, 8 rings, (constrict 8)
a: End Transformation


You were on level 2 of the Dungeon.
You were hungry.
You were a creature of crystalline ice.
You visited 1 branch of the dungeon, and saw 3 of its levels.

You collected 130 gold pieces.

Inventory:

Jewellery
 d - a ring of stealth (right front paw)
 h - a ring of wizardry (on tentacle)
 n - a cursed -3 ring of protection (left front paw)
 o - a +2 ring of protection (on tentacle)
Wands
 f - a wand of digging (8)
Scrolls
 b - a scroll of teleportation
Potions
 a - 2 potions of brilliance
 g - 2 potions of lignification {unknown}
 i - a potion of flight {unknown}
 j - 2 potions of might {unknown}
 k - 2 potions of haste {unknown}
 l - 2 potions of magic {unknown}
 m - a potion of mutation {unknown}
Comestibles
 c - 4 rations


   Skills:
 - Level 1.0 Fighting
 - Level 2.0 Dodging
 - Level 3.0 Unarmed Combat
 - Level 2.5 Spellcasting
 + Level 4.0 Transmutations
 * Level 1.6 Ice Magic


You couldn't memorise any spells.
You knew the following spells:

 Your Spells              Type           Power        Failure   Level  Hunger
a - Beastly Appendage     Tmut           ###...       1%          1    #......
b - Spider Form           Tmut/Pois      #.........   11%         3    ###....
c - Ice Form              Ice/Tmut       ##......     24%         4    #####..


Dungeon Overview and Level Annotations

Branches:
Dungeon (3/15)

Altars:


Innate Abilities, Weirdness & Mutations

You cannot wear most types of armour.
You are very stealthy in the water. (Stealth+)
You are amphibious.
You can wear up to eight rings at the same time.
((You can use your tentacles to constrict eight enemies at once.))
((Your skin changes colour to match your surroundings (Stealth+).))
((Your rubbery body absorbs attacks. (AC +1, EV +1)))


Message History

* * * LOW HITPOINT WARNING * * *
The adder barely misses you.
You closely miss the adder. The adder bites you.
* * * LOW HITPOINT WARNING * * *
The orc misses you.
You barely miss the adder. The adder misses you. The orc hits you.
* * * LOW HITPOINT WARNING * * *
You feel better. The adder barely misses you. The orc hits you.
* * * LOW HITPOINT WARNING * * *
You closely miss the adder. The adder bites you.
* * * LOW HITPOINT WARNING * * *
The orc completely misses you. The adder bites you but does no damage.
You hit the adder. You freeze the adder.
The adder is heavily wounded.
The adder misses you. The orc hits you.
* * * LOW HITPOINT WARNING * * *
You closely miss the adder.
The adder is heavily wounded.
The adder bites you but does no damage. The orc hits you.
You die...

......# #.#.#
#.#.###.... ......#
#.#.# #.#....###.
......# #...#
##.####.# #. ......#
##..#####.....#.###.
......#
#..............##..
......#####
#..#####[.##.####..
......'...# #.o#
#..##.# #...
......###.# #oS#
##..##.###...
......# #.# ##Y#
#...##.#.....
####### #.# ###
#..###.#.##.. # #.#
#..# #.#.#### # #<#
#..# #.#.# # #######
#..# #.#<#### #
#...# ###### #..#
#....... # #...#
#....# #..#####.####
#...# #....#
###........# #...#
#....# #.....######


You could see an adder and 2 orcs.

Vanquished Creatures
  An orc priest (D:2)
  3 adders (D:2)
  A worm (D:2)
  3 leopard geckos
  An orc (D:2)
  5 bats
  11 goblins
  4 hobgoblins (D:1)
  3 kobolds
  2 quokkas (D:2)
  A ball python (D:1)
  4 frilled lizards
  3 rats
42 creatures vanquished.

Notes
Turn   | Place    | Note
-------+----------+-------------------------------------------
     0 | D:1      | Dreamer the Octopode Transmuter began the quest for the Orb.
     0 | D:1      | Reached XP level 1. HP: 13/13 MP: 3/3
   105 | D:1      | Reached XP level 2. HP: 12/18 MP: 5/5
   616 | D:1      | Reached XP level 3. HP: 23/23 MP: 4/6
   618 | D:1      | Reached skill level 3 in Transmutations
  1244 | D:2      | Reached XP level 4. HP: 21/28 MP: 5/7
  1252 | D:2      | Learned a level 3 spell: Spider Form
  1257 | D:2      | Learned a level 4 spell: Ice Form
  2270 | D:2      | Reached skill level 4 in Transmutations
  2270 | D:2      | Reached skill level 1 in Ice Magic
  2273 | D:2      | HP: 1/33 [orc (4)]
  2277 | D:2      | Slain by an orc

Vault maps used:
D:1:      dpeg_arrival_round_c
D:3:      grunt_nemelex_the_gamble

Skill      XL: |  1  2  3  4 |
---------------+-------------+-----
Transmutations | 3 4 |  4.0
Ice Magic      | 1 |  1.6
Fighting       | |  1.0
Dodging        | |  2.0
Unarmed Combat | |  3.0
Spellcasting   | |  2.5

Action                   |  1- 3 |  4- 6 || total
-------------------------+-------+-------++-------
Melee: Unarmed           |    70 |    30 ||   100
       Constrict         |    19 |     3 ||    22
       Tentacles         |     9 |     3 ||    12
       Kick              |     8 |       ||     8
       Punch             |     2 |       ||     2
 Cast: Beastly Appendage |     7 |       ||     7
       Ice Form          |       |     2 ||     2
       Spider Form       |       |     1 ||     1
  Use: Scroll            |     6 |     2 ||     8
       Potion            |       |     2 ||     2
 Stab: Sleeping          |     4 |     2 ||     6
  Eat: Chunk             |     1 |     3 ||     4
Armor: Skin              |     1 |     2 ||     3
Dodge: Dodged            |    36 |    20 ||    56

Table legend:
 A = Spawn XP
 B = Non-spawn XP
 C = Spawn XP percentage of total XP
 D = Spawn monster count
 E = Non-spawn monster count
 F = Spawn count percentage of total count
 G = Total turns spent on level
                    A         B        C        D         E        F      G
               +---------+---------+-------+---------+---------+-------+---------
         Total |       0 |     153 |   0.0 |       0 |      42 |   0.0 |  2277
               +---------+---------+-------+---------+---------+-------+---------
           D:1 |       0 |      41 |   0.0 |       0 |      24 |   0.0 |   791
           D:2 |       0 |     112 |   0.0 |       0 |      18 |   0.0 |  1481
               +---------+---------+-------+---------+---------+-------+---------
